 Dungeon Crawl Stone Soup version 0.21.1 (webtiles) character file.

224 Mgcat the Skirmisher (level 5, -1/44 HPs)
             Began as a Mummy Fighter on Feb 4, 2018.
             Slain by an ogre
             ... wielding a +0 giant club
              (22 damage)
             ... on level 4 of the Dungeon.
             The game lasted 00:09:21 (3685 turns).

Mgcat the Skirmisher (Mummy Fighter)                Turns: 3685, Time: 00:09:22

Health: -1/44      AC: 10    Str: 20    XL:     5   Next: 67%
Magic:  0/5        EV:  8    Int:  7    God:
Gold:   241        SH:  4    Dex: 12    Spells: 3/4 levels left

rFire    + . .     SeeInvis .   a - +0 long sword
rCold    . . .     Gourm    .   b - +0 buckler
rNeg     + + +     Faith    .   d - +1 fire dragon scales
rPois    ∞         Spirit   +   (no helmet)
rElec    .         Reflect  .   (no cloak)
rCorr    .         Harm     .   g - +0 pair of gloves
MR       .....                  (no boots)
Stlth    ..........             j - amulet of guardian spirit
HPRegen  0.14/turn              (no ring)
MPRegen  0.09/turn              (no ring)

@: no status effects
A: no food or potions, fire vulnerability, cold resistance 1, negative energy
resistance 3, torment resistance, unbreathing
a: no special abilities


You were on level 4 of the Dungeon.
You were not hungry.

You visited 1 branch of the dungeon, and saw 4 of its levels.

You collected 241 gold pieces.

Inventory:

Hand Weapons
 a - a +0 long sword (weapon)
Armour
 b - a +0 buckler (worn)
 c - a +0 shield
 d - +1 fire dragon scales (worn)
 g - a +0 pair of gloves (worn)
Jewellery
 i - an uncursed ring of ice
 j - an amulet of guardian spirit (around neck)
Wands
 n - a wand of enslavement (13)
Scrolls
 e - 4 scrolls of remove curse
 f - a scroll of identify
 h - a scroll of enchant weapon {unknown}
 k - a scroll of magic mapping
 l - 3 scrolls of teleportation
Books
 m - a book of Cantrips

   Spells                             Type                      Level
   a - Confusing Touch                Hexes                        1
   b - Animate Skeleton               Necromancy                   1
   c - Summon Small Mammal            Summoning                    1
   d - Apportation                    Translocation                1


   Skills:
 + Level 5.0 Fighting
 + Level 3.6 Long Blades
 - Level 2.4 Armour
 - Level 2.4 Shields


You had 3 spell levels left.
You knew the following spells:

 Your Spells              Type           Power        Failure   Level  Hunger
a - Confusing Touch       Hex            #.....       90%         1    N/A

Dungeon Overview and Level Annotations

Branches:
Dungeon (4/15)
 Temple: D:4-7

Altars:
Dithmenos
Makhleb
Sif Muna
Wu Jian

Annotations:
D:4 Frank's ghost, amateur OpFi


Innate Abilities, Weirdness & Mutations

You do not eat or drink.
Your flesh is vulnerable to fire.
You are immune to poison.
Your flesh is cold resistant. (rC+)
You are immune to negative energy. (rN+++)
You are immune to unholy pain and torment.
You can survive without breathing.


Message History

You block the ogre's attack.
You barely miss the ogre. The ogre closely misses you.
You riposte.
You slash the ogre!
The ogre is moderately wounded.
You slash the ogre!
The ogre is severely wounded.
The ogre hits you with a giant club.
You hit the ogre.
The ogre is severely wounded.
The ogre barely misses you.
You barely miss the ogre.
The ogre is severely wounded.
You hit the ogre.
The ogre is severely wounded.
The ogre hits you with a giant club!
You hit the ogre.
The ogre is severely wounded.
The ogre hits you with a giant club!!
Ouch! That really hurt!
You die...

#........### #.........#
##.####.##..#
##.#####.##..#####
##.....##.##......#
##......##.######..##
##.......##.# ##†..
#####........##.# #...
...... #@# #.# ##.#
......# #O## #.# #..#
....... #a.####.# ##.##
.......##.......## #...#
..........###....# #....
..........###....#####...#
......?...................
......##..###....#####...#
..........###....# #####


You could see an ogre and a worker ant.

Vanquished Creatures
  3 worker ants (D:4)
  4 gnolls
  4 adders
  2 worms
  3 dart slugs
  5 leopard geckos
  3 orcs
  6 bats
  4 giant cockroaches
  A goblin (D:3)
  4 hobgoblins
  7 jackals
  10 kobolds
  A ball python (D:3)
  A frilled lizard (D:1)
  6 rats
64 creatures vanquished.

Vanquished Creatures (others)
  An orc wizard (D:3)
1 creature vanquished.

Grand Total: 65 creatures vanquished

Notes
Turn   | Place    | Note
-------+----------+-------------------------------------------
     0 | D:1      | Mgcat the Mummy Fighter began the quest for the Orb.
     0 | D:1      | Reached XP level 1. HP: 18/18 MP: 1/1
   216 | D:1      | Reached XP level 2. HP: 12/24 MP: 2/2
  1140 | D:2      | Found an ornate altar of the Wu Jian Council.
  1145 | D:2      | Reached XP level 3. HP: 18/29 MP: 3/3
  1783 | D:2      | Reached skill level 4 in Fighting
  1912 | D:2      | Found a burning altar of Makhleb.
  2247 | D:3      | Found a shadowy altar of Dithmenos.
  2430 | D:3      | Reached XP level 4. HP: 29/37 MP: 4/4
  3145 | D:3      | Found a deep blue altar of Sif Muna.
  3337 | D:4      | Noticed Frank's ghost (amateur OpFi)
  3474 | D:4      | Reached XP level 5. HP: 43/43 MP: 5/5
  3494 | D:4      | Learned a level 1 spell: Confusing Touch
  3668 | D:4      | Noticed an ogre
  3679 | D:4      | Reached skill level 5 in Fighting
  3685 | D:4      | Slain by an ogre

Skill      XL: |  1  2  3  4  5 |
---------------+----------------+-----
Long Blades    | 2 3 |  3.6
Fighting       | 4 5 |  5.0
Armour         | |  2.4
Shields        | |  2.4

Action                   |  1- 3 |  4- 6 || total
-------------------------+-------+-------++-------
Melee: Long sword        |   147 |    97 ||   244
  Use: Scroll            |     8 |     1 ||     9
Armor: Scale mail        |    11 |       ||    11
       Fire dragon scale |    68 |    45 ||   113
Dodge: Dodged            |    55 |    38 ||    93
Block: Shield            |    60 |       ||    60
       Buckler           |     9 |    24 ||    33
       Rpst.: Long sword |    18 |    10 ||    28
